 Dungeon Crawl Stone Soup version 0.26-a0-1145-gf5f8a83f67 (webtiles) character file.

Game seed: 1153313417769839290

21656 Gargoyl the Fighter (level 12, -4/98 HPs)
             Began as a Gnoll Abyssal Knight on Dec 22, 2020.
             Was the Champion of Lugonu.
             Slain by Rupert
             ... wielding a +4 battleaxe of freezing
              (6 damage)
             ... while paralysed by Rupert
             ... on level 3 of the Lair of Beasts.
             The game lasted 00:19:35 (13970 turns).

Gargoyl the Fighter (Gnoll Abyssal Knight)         Turns: 13970, Time: 00:19:35

Health: -4/98      AC: 20    Str: 19    XL:     12   Next: 92%
Magic:  30/30      EV:  2    Int: 17    God:    Lugonu [******]
Gold:   726        SH:  0    Dex: 15    Spells: 27/27 levels left

rFire    . . .     SeeInvis .   s - +9 whip "Femedif" {vorpal, rElec rPois rC+ rN+}
rCold    + . .     Faith    .   d - +0 kite shield
rNeg     + . .     Spirit   .   t - +0 plate armour
rPois    +         Reflect  .   j - +0 helmet
rElec    +         Harm     .   l - +2 cloak
rCorr    .         Rampage  .   h - +0 pair of gloves
Will     .....                  (no boots)
Stlth    ..........             (no amulet)
HPRegen  0.26/turn              x - +4 ring of evasion
MPRegen  0.22/turn              u - ring of magical power

@: paralysed, hasted
A: distributed training, fangs 1, clever 1, low mp 1, no potion heal 1, strong
nose
a: Renounce Religion, Depart the Abyss, Bend Space, Banish, Corrupt, Enter the
Abyss, Brand Weapon With Distortion


You were on level 3 of the Lair of Beasts.
You worshipped Lugonu.
Lugonu was exalted by your worship.
You visited 2 branches of the dungeon, and saw 12 of its levels.
You visited the Abyss 1 time.
You also visited: Ice Cave.

You collected 726 gold pieces.

Inventory:

Hand Weapons
 a - a +3 hand axe
 s - the +9 whip "Femedif" (weapon) {vorpal, rElec rPois rC+ rN+}
   (You found it on level 4 of the Dungeon)

   It inflicts extra damage upon your enemies.
   It protects you from cold.
   It insulates you from electricity.
   It protects you from poison.
   It protects you from negative energy.
 z - a +4 long sword of electrocution
Missiles
 n - 2 curare-tipped darts
 o - 35 poisoned darts (quivered)
Armour
 d - a +0 kite shield (worn)
 h - a +0 pair of gloves (worn)
 j - a +0 helmet (worn)
 l - a +2 cloak (worn)
 t - a +0 plate armour (worn)
Jewellery
 u - a ring of magical power (right hand)
 x - a +4 ring of evasion (left hand)
 C - an uncursed ring of see invisible
Wands
 b - a wand of flame (10)
 k - a wand of paralysis (9)
 q - a wand of iceblast (8)
 y - a wand of random effects (39)
 A - a wand of enslavement (5)
 E - a wand of acid (8)
 F - a wand of digging (5)
Scrolls
 c - 3 scrolls of identify
 g - 7 scrolls of remove curse
 i - 4 scrolls of teleportation
Potions
 e - 2 potions of cancellation
 f - a potion of lignification
 m - a potion of flight
 p - a potion of heal wounds
 r - 3 potions of curing
 w - 3 potions of brilliance


   Skills:
 + Level 10.3 Fighting
 + Level 8.0 Short Blades
 + Level 8.0 Long Blades
 + Level 9.3 Axes
 + Level 8.0 Maces & Flails
 + Level 8.0 Polearms
 + Level 8.0 Staves
 + Level 8.0 Slings
 + Level 8.0 Bows
 + Level 8.0 Crossbows
 + Level 8.0 Throwing
 + Level 9.3 Armour
 + Level 8.5 Dodging
 + Level 8.0 Stealth
 + Level 8.0 Shields
 + Level 8.0 Unarmed Combat
 + Level 8.0 Spellcasting
 + Level 6.6 Conjurations
 + Level 6.6 Hexes
 + Level 6.6 Summonings
 + Level 6.6 Necromancy
 + Level 6.6 Translocations
 + Level 6.6 Transmutations
 + Level 6.6 Fire Magic
 + Level 6.6 Ice Magic
 + Level 6.6 Air Magic
 + Level 6.6 Earth Magic
 + Level 6.6 Poison Magic
 + Level 9.9 Invocations
 + Level 8.0 Evocations


You had 27 spell levels left.
You didn't know any spells.
Your spell library contained the following spells:

 Spells                   Type           Power        Failure   Level
 Sting                    Tmut/Pois      100%         34%         1
 Poisonous Vapours        Pois/Air       58%          45%         2
 Ignite Poison            Fire/Tmut/Pois 29%          71%         3
 Mephitic Cloud           Conj/Pois/Air  29%          71%         3
 Ice Form                 Ice/Tmut       29%          98%         4
 Olgreb's Toxic Radiance  Pois           29%          98%         4
 Metabolic Englaciation   Hex/Ice        14%          100%        5
 Freezing Cloud           Conj/Ice/Air   14%          100%        6
 Ozocubu's Refrigeration  Ice            14%          100%        6
 Simulacrum               Ice/Necr       14%          100%        6


Dungeon Overview and Level Annotations

Branches:
Dungeon (9/15)             Temple (0/1) D:4            Lair (3/6) D:8
  IceCv (visited)
  Swamp: Lair:2-4    Shoals: Lair:2-4     Snake: Lair:2-4    Spider: Lair:2-4
    Orc: D:9-12

Altars:
Cheibriados
Hepliaklqana
Nemelex Xobeh
Okawaru
Xom

Annotations:
Lair:3 Rupert


Innate Abilities, Weirdness & Mutations

Your experience applies equally to all skills.
You have very sharp teeth.
Your uncanny sense of smell can sniff out nearby items.
Your mind is acute. (Int +2)
Your magical capacity is low. (-10% MP)
Potions are less effective at restoring your health.


Message History

Rupert freezes you.
You hit Rupert but do no damage.
Rupert is heavily wounded.
Unknown command.
You hit Rupert.
Rupert is severely wounded.
Rupert yells loudly at you.
You suddenly lose the ability to move!
Rupert roars madly and goes into a rage!
Rupert goes berserk!
Rupert hits you with a +4 battleaxe of freezing!!
* * * LOW HITPOINT WARNING * * *
Rupert freezes you.
* * * LOW HITPOINT WARNING * * *
Rupert hits you with a +4 battleaxe of freezing.
* * * LOW HITPOINT WARNING * * *
Rupert freezes you.
* * * LOW HITPOINT WARNING * * *
Rupert hits you with a +4 battleaxe of freezing.
You die...

.P.# ...# #.P# ##..P#
###..## ##PPPP## ##P.#..#
#......## ####......##
......[# #P..#......#
#....>.#
..........########=....#
#P..........##P#.....#
###.....P...@@.......##
#.#..#####.####......# #
##...# ### ##<....## ##..##
#PP..##.# # #...# #.....###
.## #######.######......#
.P####.#.###+.##.........##
.'..#............#.....(..#
.##............#.#P......##


You could see Rupert (berserk).

Vanquished Creatures
  A white draconian (IceCv)
  A death yak (IceCv)
  An ice statue (IceCv)
  3 black mambas (Lair:1)
  2 cane toads (Lair:1)
  3 rime drakes (IceCv)
  2 komodo dragons (Lair:1)
  A troll (D:9)
  8 polar bears (IceCv)
  7 blink frogs
  42 yaks
  Eustachio (D:5)
  19 water moccasins
  2 orc warriors
  A sky beast (D:7)
  3 black bears
  2 ogres (D:7)
  8 wolves (IceCv)
  3 centaurs
  10 bullfrogs
  2 gnoll sergeants (D:7)
  A wyvern skeleton (D:7)
  5 scorpions
  9 killer bees
  A howler monkey (D:5)
  2 electric eels (Lair:1)
  A bullfrog zombie (D:6)
  A jelly (D:6)
  2 bullfrog skeletons (D:5)
  A centaur skeleton (D:6)
  7 orc priests
  5 hounds
  Ijyb (D:4)
  A gnoll shaman (D:5)
  Natasha (thrice) (D:4)
  An iguana (D:6)
  2 orc wizards (D:5)
  3 worker ants
  A killer bee zombie (D:5)
  A hound zombie (D:6)
  Robin (D:4)
  A howler monkey zombie (D:6)
  17 adders
  22 gnolls
  A howler monkey skeleton (D:5)
  2 white imps (D:6)
  An ufetubus (D:6)
  An adder zombie (D:5)
  3 worms
  8 dart slugs
  3 leopard geckos
  24 orcs
  2 ball pythons
  5 giant cockroaches
  14 goblins
  18 hobgoblins
  7 jackals
  2 quokkas
  A ball python skeleton (D:6)
  7 bats
  7 frilled lizards
  12 kobolds
  A leopard gecko skeleton (D:5)
  A leopard gecko zombie (D:7)
  A quokka skeleton (D:5)
  2 rats
334 creatures vanquished.

Vanquished Creatures (others)
  A swamp drake (Lair:1)
  5 fungi (Lair:1)
  40 plants
46 creatures vanquished.

Grand Total: 380 creatures vanquished

Notes
Turn   | Place    | Note
-------+----------+-------------------------------------------
     0 | Abyss:1  | Gargoyl the Gnoll Abyssal Knight began the quest for the
                  | Orb.
     0 | Abyss:1  | Reached XP level 1. HP: 23/23 MP: 3/3
     9 | Abyss:1  | Found a corrupted altar of Lugonu.
   121 | Abyss:1  | Noticed a sky beast
   137 | Abyss:1  | Noticed a chaos spawn
   145 | Abyss:1  | Noticed a thrashing horror
   147 | Abyss:1  | Noticed a large abomination
   149 | D:1      | Escaped the Abyss
   211 | D:1      | Reached * piety under Lugonu
   317 | D:1      | Reached XP level 2. HP: 28/29 MP: 5/5
   581 | D:1      | Reached XP level 3. HP: 22/35 MP: 6/6
  1045 | D:2      | Reached skill level 1 in Short Blades
  1045 | D:2      | Reached skill level 1 in Long Blades
  1045 | D:2      | Reached skill level 1 in Maces & Flails
  1045 | D:2      | Reached skill level 1 in Polearms
  1045 | D:2      | Reached skill level 1 in Staves
  1045 | D:2      | Reached skill level 1 in Slings
  1045 | D:2      | Reached skill level 1 in Bows
  1045 | D:2      | Reached skill level 1 in Crossbows
  1045 | D:2      | Reached skill level 1 in Throwing
  1045 | D:2      | Reached skill level 1 in Stealth
  1045 | D:2      | Reached skill level 1 in Shields
  1045 | D:2      | Reached skill level 1 in Unarmed Combat
  1045 | D:2      | Reached skill level 1 in Spellcasting
  1045 | D:2      | Reached skill level 1 in Evocations
  1045 | D:2      | Reached XP level 4. HP: 24/41 MP: 7/7
  1286 | D:2      | Reached ** piety under Lugonu
  1397 | D:2      | Reached skill level 1 in Conjurations
  1397 | D:2      | Reached skill level 1 in Hexes
  1397 | D:2      | Reached skill level 1 in Summonings
  1397 | D:2      | Reached skill level 1 in Necromancy
  1397 | D:2      | Reached skill level 1 in Translocations
  1397 | D:2      | Reached skill level 1 in Transmutations
  1397 | D:2      | Reached skill level 1 in Fire Magic
  1397 | D:2      | Reached skill level 1 in Ice Magic
  1397 | D:2      | Reached skill level 1 in Air Magic
  1397 | D:2      | Reached skill level 1 in Earth Magic
  1397 | D:2      | Reached skill level 1 in Poison Magic
  1397 | D:2      | Reached XP level 5. HP: 30/47 MP: 8/8
  1666 | D:2      | Found a snail-covered altar of Cheibriados.
  2098 | D:3      | Found a shimmering altar of Xom.
  2298 | D:3      | Found a faded altar of an unknown god.
  2381 | D:3      | Reached *** piety under Lugonu
  2536 | D:4      | Noticed Natasha
  2543 | D:4      | Killed Natasha
  2579 | D:4      | Reached skill level 5 in Invocations
  2579 | D:4      | Reached XP level 6. HP: 33/53 MP: 9/9
  2660 | D:4      | Noticed Ijyb
  2685 | D:4      | Killed Ijyb
  2686 | D:4      | Reached skill level 5 in Axes
  2686 | D:4      | Reached skill level 5 in Armour
  2696 | D:4      | Noticed Robin
  2717 | D:4      | Killed Robin
  3089 | D:4      | Got a shimmering whip
  3090 | D:4      | Identified the +9 whip "Femedif" {vorpal, rElec rPois rC+
                  | rN+} (You found it on level 4 of the Dungeon)
  3095 | D:4      | Noticed Natasha
  3104 | D:4      | Killed Natasha
  3190 | D:4      | Noticed Natasha
  3200 | D:4      | Killed Natasha
  3376 | D:4      | Found a staircase to the Ecumenical Temple.
  3539 | D:5      | Entered Level 5 of the Dungeon
  3559 | D:5      | Reached XP level 7. HP: 42/59 MP: 10/10
  3738 | D:5      | Reached skill level 7 in Fighting
  3858 | D:5      | Reached **** piety under Lugonu
  3992 | D:5      | Noticed Eustachio
  4005 | D:5      | Killed Eustachio
  4006 | D:5      | Reached XP level 8. HP: 63/67 MP: 12/12
  4108 | D:5      | Found a hazy altar of Hepliaklqana.
  4502 | D:6      | Reached skill level 8 in Fighting
  4502 | D:6      | Reached skill level 5 in Short Blades
  4502 | D:6      | Reached skill level 5 in Long Blades
  4502 | D:6      | Reached skill level 5 in Maces & Flails
  4502 | D:6      | Reached skill level 5 in Polearms
  4502 | D:6      | Reached skill level 5 in Staves
  4502 | D:6      | Reached skill level 5 in Slings
  4502 | D:6      | Reached skill level 5 in Bows
  4502 | D:6      | Reached skill level 5 in Crossbows
  4502 | D:6      | Reached skill level 5 in Throwing
  4502 | D:6      | Reached skill level 5 in Stealth
  4502 | D:6      | Reached skill level 5 in Shields
  4502 | D:6      | Reached skill level 5 in Unarmed Combat
  4502 | D:6      | Reached skill level 5 in Spellcasting
  4502 | D:6      | Reached skill level 5 in Evocations
  4502 | D:6      | Reached XP level 9. HP: 75/75 MP: 12/17
  5315 | D:7      | Found a sparkling altar of Nemelex Xobeh.
  5317 | D:7      | Found an iron altar of Okawaru.
  5559 | D:7      | Reached ***** piety under Lugonu
  6498 | D:7      | Reached XP level 10. HP: 82/82 MP: 18/18
  7420 | D:7      | Reached skill level 9 in Fighting
  7613 | D:8      | Reached skill level 5 in Conjurations
  7613 | D:8      | Reached skill level 5 in Hexes
  7613 | D:8      | Reached skill level 5 in Summonings
  7613 | D:8      | Reached skill level 5 in Necromancy
  7613 | D:8      | Reached skill level 5 in Translocations
  7613 | D:8      | Reached skill level 5 in Transmutations
  7613 | D:8      | Reached skill level 5 in Fire Magic
  7613 | D:8      | Reached skill level 5 in Ice Magic
  7613 | D:8      | Reached skill level 5 in Air Magic
  7613 | D:8      | Reached skill level 5 in Earth Magic
  7613 | D:8      | Reached skill level 5 in Poison Magic
  7872 | D:8      | Found a staircase to the Lair.
  8510 | Lair:1   | Entered Level 1 of the Lair of Beasts
  8812 | Lair:1   | Noticed a black mamba
  8823 | Lair:1   | Killed a black mamba
  9061 | Lair:1   | Reached XP level 11. HP: 62/89 MP: 20/20
 11475 | Lair:2   | Found a frozen archway.
 11515 | Lair:1   | Reached XP level 12. HP: 43/97 MP: 22/22
 12117 | IceCv    | Entered an ice cave
 12511 | IceCv    | Noticed a death yak
 12515 | IceCv    | Reached ****** piety under Lugonu
 12532 | IceCv    | Gained mutation: Your magical capacity is low. (-10% MP)
                  | [potion of mutation]
 12532 | IceCv    | Gained mutation: Potions are less effective at restoring
                  | your health. [potion of mutation]
 12532 | IceCv    | Gained mutation: Your mind is acute. (Int +2) [potion of
                  | mutation]
 12554 | IceCv    | Killed a death yak
 12555 | IceCv    | Reached skill level 10 in Fighting
 13378 | IceCv    | Noticed a white draconian
 13423 | IceCv    | Killed a white draconian
 13635 | IceCv    | Found the +4 robe of Augmentation {Str+4 Int+4 Dex+4}
 13916 | Lair:3   | Noticed Rupert
 13954 | Lair:3   | Paralysed by Rupert for 4 turns
 13966 | Lair:3   | Paralysed by Rupert for 4 turns
 13969 | Lair:3   | HP: 3/98 [Rupert/+4 battleaxe of freezing (6)]
 13970 | Lair:3   | Slain by Rupert

Illustrated notes

Levels and vault maps discovered:
D:1:      dpeg_arrival_radiant, layout_rooms
D:2:      layout_basic, kennysheep_slug_shrine
D:3:      layout_basic, lemuel_crystal_altar, chequers_ecumenical_altar_lobes
D:4:      layout_basic, minmay_temple_entry_glass, uniq_natasha, uniq_ijyb,
          uniq_robin
D:5:      layout_basic, nicolae_overflow_hidden_temple,
          kennysheep_generic_room_3, uniq_eustachio
D:6:      layout_loops_ring
D:7:      kennysheep_housing_project, layout_basic,
          chequers_temple_overflow_statue_of_worship, supply_closet_lemuel
D:8:      layout_gridville, lair_entry_dummy
D:9:      minmay_tri_box, layout_loops_ring, kennysheep_little_box, tso_altar
Lair:1:   lemuel_reptile_caves, layout_chaotic_city, serial_bayou_shore_b
Lair:2:   layout_hall_layers, portal_ice_cave_entry_pillars_1,
          chequers_serial_rivers_marsh
Lair:3:   layout_roguey, skrybe_swamp_entry_bodies, gauntlet_entry_generic,
          special_room [special_room_bee], uniq_rupert

Skill      XL: |  1  2  3  4  5  6  7  8  9 10 11 12 |
---------------+-------------------------------------+-----
Short Blades   | 1 2 3 5 6 7 8 |  8.0
Long Blades    | 1 2 3 5 6 7 8 |  8.0
Maces & Flails | 1 2 3 5 6 7 8 |  8.0
Polearms       | 1 2 3 5 6 7 8 |  8.0
Staves         | 1 2 3 5 6 7 8 |  8.0
Slings         | 1 2 3 5 6 7 8 |  8.0
Bows           | 1 2 3 5 6 7 8 |  8.0
Crossbows      | 1 2 3 5 6 7 8 |  8.0
Throwing       | 1 2 3 5 6 7 8 |  8.0
Stealth        | 1 2 3 5 6 7 8 |  8.0
Shields        | 1 2 3 5 6 7 8 |  8.0
Unarmed Combat | 1 2 3 5 6 7 8 |  8.0
Spellcasting   | 1 2 3 5 6 7 8 |  8.0
Evocations     | 1 2 3 5 6 7 8 |  8.0
Conjurations   | 1 2 4 5 6 |  6.6
Hexes          | 1 2 4 5 6 |  6.6
Summonings     | 1 2 4 5 6 |  6.6
Necromancy     | 1 2 4 5 6 |  6.6
Translocations | 1 2 4 5 6 |  6.6
Transmutations | 1 2 4 5 6 |  6.6
Fire Magic     | 1 2 4 5 6 |  6.6
Ice Magic      | 1 2 4 5 6 |  6.6
Air Magic      | 1 2 4 5 6 |  6.6
Earth Magic    | 1 2 4 5 6 |  6.6
Poison Magic   | 1 2 4 5 6 |  6.6
Dodging        | 3 4 6 7 8 |  8.5
Invocations    | 5 7 8 9 |  9.9
Axes           | 5 7 8 9 |  9.3
Armour         | 5 7 8 9 |  9.3
Fighting       | 7 8 9 10 | 10.3

Action                   |  1- 3 |  4- 6 |  7- 9 | 10-12 || total
-------------------------+-------+-------+-------+-------++-------
Melee: Hand axe          |    83 |   146 |       |       ||   229
       Bite              |     5 |    15 |    34 |   126 ||   180
       Whip              |       |    15 |   281 |   761 ||  1057
       Long sword        |       |       |       |   134 ||   134
Throw: Dart              |       |       |       |     8 ||     8
Invok: Depart the Abyss  |     1 |       |       |       ||     1
       Bend Space        |       |       |     3 |       ||     3
  Use: Potion            |     2 |     4 |     1 |     4 ||    11
       Scroll            |       |     8 |     6 |    13 ||    27
Armor: Leather armour    |    31 |     4 |       |       ||    35
       Scale mail        |       |    58 |       |       ||    58
       Plate armour      |       |     3 |   162 |   423 ||   588
Dodge: Dodged            |    38 |    47 |    67 |   413 ||   565
Block: Kite shield       |    49 |    61 |   162 |   505 ||   777
       Rpst.: Long sword |       |       |       |    20 ||    20

Table legend: (Time is in decaauts)
 A = Elapsed time spent in this place.
 B = Non-inter-level travel time spent in this place.
 C = Inter-level travel time spent in this place.
 D = Time resting spent in this place.
 E = Time spent auto-exploring this place.
 F = Levels seen in this place.
 G = Mean time per level.
                   A        B        C        D        E       F      G
               +--------+--------+--------+--------+--------+-----+--------+
         Total |  13895 |  13577 |    318 |   4160 |   6314 |  14 |  992.5 |
       Dungeon |   8738 |   8433 |    305 |   2008 |   4559 |   9 |  970.9 |
          Lair |   3487 |   3474 |     13 |   1586 |   1136 |   3 | 1162.3 |
         Abyss |    149 |    149 |      0 |      0 |    107 |   1 |  149.0 |
      Ice Cave |   1519 |   1519 |      0 |    566 |    511 |   1 | 1519.0 |
               +--------+--------+--------+--------+--------+-----+--------+

Top non-repeatable levels by time:
  Lair:1: 3127 daAuts
     D:7: 2396 daAuts
   IceCv: 1519 daAuts
     D:8: 1170 daAuts
     D:4: 1041 daAuts
     D:1: 993 daAuts
     D:5: 867 daAuts
     D:2: 714 daAuts
     D:6: 713 daAuts
     D:3: 692 daAuts
  Lair:2: 245 daAuts
 Abyss:1: 149 daAuts
     D:9: 148 daAuts
  Lair:3: 114 daAuts
